 Dungeon Crawl Stone Soup version 0.30-a0-394-g3e4acdb0ae (webtiles) character file.

Game seed: 7923480623787624615

8593 ketsa the Fighter (level 11, -5/84 HPs)
             Began as a Djinni Hedge Wizard on Dec 6, 2022.
             Was a Believer of Nemelex Xobeh.
             Slain by a troll (17 damage)
             ... on level 10 of the Dungeon on Dec 7, 2022.
             The game lasted 01:16:00 (15753 turns).

ketsa the Fighter (Djinni Hedge Wizard)            Turns: 15753, Time: 01:16:00

Health: -5/84      AC:  2    Str:  9    XL:     11   Next: 58%
Gold:   604        EV: 24    Int: 19    God:    Nemelex Xobeh [**....] SH:  0 Dex: 19

rFire   . . .      SeeInvis .    (weapon currently unavailable)
rCold   . . .      Faith    .    (shield currently unavailable)
rNeg    . . .      Spirit   .    (body armour currently unavailable)
rPois   ∞          Reflect  .    (helmet currently unavailable)
rElec   .          Harm     .    (cloak currently unavailable)
rCorr   .          Rampage  .    (gloves currently unavailable)
Will    ++...                    (boots unavailable)
Stlth   ++........               (no amulet)
HPRegen 0.34/turn                h - ring of willpower
MPRegen 0.00/turn                (no ring)

@: spider-form, flying
A: venomous fangs, flying, sickness immunity, tiny, (fire resistance 2), (cold
vulnerability 1), float, innate caster, HP casting, extra vitality 1
a: End Transformation, Renounce Religion, Draw Escape, Draw Destruction, Draw
Summoning


You were on level 10 of the Dungeon.
You worshipped Nemelex Xobeh.
Nemelex Xobeh was pleased with you.
You were a venomous arachnid creature.
You visited 2 branches of the dungeon, and saw 11 of its levels.

You collected 604 gold pieces.

Inventory:

Hand Weapons
 a - a +0 dagger
 e - a +0 short sword
 f - a +1 short sword of draining
 y - a +0 rapier of draining
 H - a +8 short sword (melded)
 T - a +1 dagger of draining
 U - a +2 antimagic dagger
Missiles
 z - 6 atropa-tipped darts
 M - 14 poisoned darts
Armour
 b - a +0 robe (melded)
 c - a +0 hat (melded)
 q - a +0 buckler (melded)
 G - a +0 helmet
 K - a +0 troll leather armour
 L - a +0 pair of gloves (melded)
 S - a +2 kite shield
Magical Staves
 i - a staff of conjuration
 N - a staff of fire
Jewellery
 h - a ring of willpower (left front leg)
 l - a +4 ring of evasion
 v - a +4 ring of protection
 F - a +6 ring of strength
 I - a ring of protection from fire
 O - a ring of resist corrosion
Wands
 w - a wand of flame (54)
 x - a wand of polymorph (15)
 E - a wand of charming (7)
Scrolls
 d - a scroll of butterflies
 g - a scroll of silence
 j - 2 scrolls of noise
 k - a scroll of magic mapping {unknown}
 n - 3 scrolls of immolation
 o - 4 scrolls of poison
 p - a scroll of blinking
 r - 2 scrolls of enchant armour
 C - 3 scrolls of teleportation
 D - 2 scrolls of fear
 Q - a scroll of torment {unknown}
 R - a scroll of amnesia {unknown}
Potions
 m - a potion of degeneration
 s - 3 potions of flight
 t - 5 potions of curing
 u - a potion of heal wounds
 A - a potion of berserk rage
 B - a potion of lignification
 J - 4 potions of might
 P - a potion of attraction


   Skills:
 + Level 9.2 Fighting
 * Level 6.1 Short Blades
 - Level 6.7 Dodging
 - Level 1.5 Stealth
 - Level 2.9 Shields
 + Level 8.3 Spellcasting
 + Level 4.1 Invocations


You had one spell level left.
You knew the following spells:

 Your Spells              Type           Power      Damage    Failure   Level
a - Magic Dart            Conj           100%       1d8       2%          1
b - Slow                  Hex            100%       N/A       2%          1
c - Blink                 Tloc           78%        N/A       3%          2
d - Call Imp              Summ           39%        N/A       3%          2
e - Cigotuvi's Dreadful   Necr/Pois/Air  78%        N/A       3%          2
f - Mephitic Cloud        Conj/Pois/Air  39%        N/A       4%          3
g - Necrotise             Necr           100%       1d9       2%          1
h - Momentum Strike       Conj/Tloc      78%        3d10      3%          2
i - Dazzling Flash        Conj/Hex       78%        N/A       4%          3
j - Spider Form           Tmut/Pois      39%        N/A       4%          3
k - Silence               Hex/Air        19%        N/A       21%         5
Your spell library was empty.

Dungeon Overview and Level Annotations

Branches:
Dungeon (10/15)            Temple (1/1) D:7
   Lair: D:8-11         Orc: D:9-12

Altars:
Ashenzari
Cheibriados
Dithmenos
Elyvilon
Fedhas
Gozag
Hepliaklqana
Makhleb
Nemelex Xobeh
Okawaru
Qazlal
Ru
Trog
Uskayaw
Wu Jian
Xom
Yredelemnul
Zin
The Shining One

Shops:
D:6 (

Annotations:
D:2 1 runed translucent door, Crazy Yiuf
D:3 Grinder
D:5 3 runed translucent doors, exclusion: downstairs, RatherSlowDeath's ghost, weakling MiDe
D:7 1 runed translucent door, Jaakounette's ghost, novice SpBr


Innate Abilities, Weirdness & Mutations

You are a venomous arachnid creature.
You have poisonous fangs.
You are tiny and dextrous.
You are flying.
Your spellcasting is less reliable in this form.
Your armour is entirely melded.
You are incapable of wielding weapons or throwing items.
You are immune to sickness and miasma.
You are immune to poison.
((Your flesh is very heat resistant. (rF++)))
((You are vulnerable to cold. (rC-)))
You float through the air rather than walking.
You learn spells naturally, not from books.
Your magical power is your life essence.
You have superior vitality. (+4 MHP)


Message History

The troll closely misses you.
Your iron imp barely misses the troll.
You hit the troll.
The troll is moderately wounded.
The troll misses you. The troll closely misses you. The troll claws you.
Your iron imp barely misses the troll.
You hit the troll.
The troll is moderately wounded.
The troll bites you! The troll barely misses you. The troll claws you.
Casting: Mephitic Cloud (safe; 1% risk of failure)
Confirm with . or Enter, or press ? or * to list all spells.
Aiming: Mephitic Cloud (safe; 1% risk of failure)
Press: ? - help, Shift-Dir - straight line, f/p - troll
Aim: a troll (moderately wounded, ally target, chance to affect: 67%)
Okay, then.
Casting: Mephitic Cloud (safe; 1% risk of failure)
Confirm with . or Enter, or press ? or * to list all spells.
You turn into a venomous arachnid creature.
Your +8 short sword melds into your body.
Your +0 hat melds into your body.
Your +0 pair of gloves melds into your body.
Your +0 buckler melds into your body.
Your +0 robe melds into your body.
Your iron imp hits the troll.
The troll bites you!!
* * * LOW HITPOINT WARNING * * *
The troll claws you!
* * * LOW HITPOINT WARNING * * *
The troll barely misses you.
You hit the troll.
The troll is poisoned.
The troll is heavily wounded.
Your iron imp hits the troll.
The troll barely misses your iron imp. The troll claws your iron imp. x2
You strike the helpless troll from behind!
You hit the troll.
The troll looks even sicker.
The troll is severely wounded.
The troll closely misses you. The troll completely misses you.
The troll closely misses you.
Your iron imp hits the troll.
You hit the troll but do no damage.
The troll is almost dead.
The troll bites you!
You die...
Your body glows with a rainbow of weird colours and disappears.

###########
#.<.......# #
#.#######.# ##. #.#
####.# . .>.. #.#
##.##.# .
.....#######.###>#.#.#
.......5....).....#..#
....).Ts.....###...#.#
. ...?.###..##.#
#..##.# . #.#
##.......###..##.# #
#.......)..##..##.#
#.P.P...[.P..#..##.#
#..P.P...P.....#...#
.PP.......P...###.##
...P.####..P.P# ...
'...P.#


You could see a troll (very poisoned, ally target) and a friendly iron imp
(summoned).

Vanquished Creatures
  Nergalle (D:9)
  A troll (D:9)
  Eustachio (D:5)
  15 yaks
  An acid dragon (D:9)
  Duvessa (D:6)
  3 water moccasins
  A black bear (D:3)
  7 orc warriors
  A sky beast (D:6)
  3 centaurs
  4 ogres
  A phantom (D:7)
  4 bullfrogs
  A gnoll sergeant (D:6)
  6 scorpions
  Dowan (D:6)
  8 killer bees (D:9)
  2 howler monkeys (D:9)
  3 hounds
  A jelly (D:6)
  3 orc priests
  A gnoll bouda (D:8)
  An iguana (D:7)
  4 orc wizards
  12 gnolls
  9 adders
  A white imp (D:6)
  An ufetubus (D:5)
  A worm (D:2)
  2 dart slugs
  21 orcs
  9 bats
  6 endoplasms
  7 giant cockroaches
  11 goblins
  5 hobgoblins
  4 quokkas
  13 ball pythons
  4 frilled lizards
  10 kobolds
  6 rats
197 creatures vanquished.

Vanquished Creatures (collateral kills)
  A two-headed ogre (D:10)
  An ice beast (D:8)
  A black bear (D:5)
  2 orc warriors (D:9)
  A kobold brigand (D:9)
  3 bullfrogs
  4 scorpions
  4 killer bees (D:9)
  A howler monkey (D:9)
  An iguana (D:5)
  A gnoll (D:6)
  An adder (D:4)
  An ufetubus (D:5)
  2 orcs (D:9)
  A bat (D:4)
  A giant cockroach (D:5)
  3 goblins (D:4)
29 creatures vanquished.

Vanquished Creatures (others)
  A jelly (D:4)
  19 fungi
  8 plants
28 creatures vanquished.

Grand Total: 254 creatures vanquished

Notes
Turn   | Place    | Note
-------+----------+-------------------------------------------
     0 | D:1      | ketsa the Djinni Hedge Wizard began the quest for the Orb.
     0 | D:1      | ketsa set off with the following spells memorised: Magic
                  | Dart, Slow, Blink, Call Imp, Cigotuvi's Dreadful Rot,
                  | Mephitic Cloud.
     0 | D:1      | Reached XP level 1. HP: 15/15 MP: 0/0
   145 | D:1      | Reached XP level 2. HP: 20/22 MP: 0/0
   150 | D:1      | Reached skill level 1 in Fighting
   643 | D:1      | Found a faded altar of an unknown god.
   722 | D:1      | Reached XP level 3. HP: 24/27 MP: 0/0
   722 | D:1      | Learned a level 1 spell: Necrotise
  1150 | D:2      | Found a runed translucent door.
  1151 | D:2      | Noticed Crazy Yiuf
  1302 | D:2      | Reached skill level 2 in Fighting
  1506 | D:2      | Reached XP level 4. HP: 28/33 MP: 0/0
  2424 | D:3      | Noticed Grinder
  2868 | D:3      | Reached XP level 5. HP: 34/39 MP: 0/0
  2868 | D:3      | Learned a level 2 spell: Momentum Strike
  3093 | D:3      | Noticed a black bear
  3149 | D:3      | Killed a black bear
  3150 | D:3      | Reached skill level 3 in Fighting
  3150 | D:3      | Reached XP level 6. HP: 22/46 MP: 0/0
  3448 | D:3      | Found an iron altar of Okawaru.
  3986 | D:4      | Noticed an ogre
  4095 | D:4      | Killed an ogre
  4311 | D:4      | Found a sparkling altar of Nemelex Xobeh.
  4332 | D:4      | Became a worshipper of Nemelex Xobeh the Trickster
  4461 | D:4      | Reached XP level 7. HP: 33/51 MP: 0/0
  4461 | D:4      | Learned a level 3 spell: Dazzling Flash
  4685 | D:4      | Reached skill level 4 in Fighting
  4724 | D:4      | Reached skill level 5 in Spellcasting
  5096 | D:4      | Reached XP level 8. HP: 37/58 MP: 0/0
  5538 | D:4      | Reached * piety under Nemelex Xobeh
  5869 | D:5      | Entered Level 5 of the Dungeon
  5893 | D:5      | Found a stormy altar of Qazlal.
  5909 | D:5      | Reached skill level 5 in Fighting
  6122 | D:5      | Noticed Eustachio
  6156 | D:5      | Reached skill level 1 in Shields
  6375 | D:5      | Received a gift from Nemelex Xobeh
  6721 | D:5      | Killed Eustachio
  6722 | D:5      | Reached skill level 1 in Invocations
  6722 | D:5      | Reached XP level 9. HP: 60/66 MP: 0/0
  6722 | D:5      | Learned a level 3 spell: Spider Form
  6992 | D:5      | Found a runed translucent gate.
  6993 | D:5      | Found a runed translucent gate.
  6993 | D:5      | Found a runed translucent gate.
  6993 | D:5      | Noticed RatherSlowDeath's ghost (weakling MiDe)
  7133 | D:6      | Found an ornate altar of the Wu Jian Council.
  7191 | D:6      | Reached skill level 6 in Fighting
  7348 | D:6      | Noticed Dowan
  7365 | D:6      | Noticed Duvessa
  7456 | D:6      | Found Muucooff's Weapon Shoppe.
  7564 | D:6      | Found a snail-covered altar of Cheibriados.
  8204 | D:6      | Reached ** piety under Nemelex Xobeh
  8301 | D:6      | Killed Duvessa
  8306 | D:6      | Killed Dowan
  8597 | D:7      | Reached skill level 1 in Short Blades
  8886 | D:7      | Found a staircase to the Ecumenical Temple.
  8909 | Temple   | Entered the Ecumenical Temple
  9297 | D:7      | Found a runed translucent door.
  9302 | D:7      | Noticed Jaakounette's ghost (novice SpBr)
  9302 | D:7      | Noticed a troll
  9525 | D:7      | Reached skill level 5 in Dodging
  9731 | D:7      | Reached skill level 7 in Fighting
  9887 | D:7      | Reached XP level 10. HP: 54/75 MP: 0/0
 10991 | D:8      | Received a gift from Nemelex Xobeh
 11335 | D:8      | Reached skill level 8 in Fighting
 12754 | D:9      | Reached XP level 11. HP: 50/82 MP: 0/0
 12754 | D:9      | Learned a level 5 spell: Silence
 13304 | D:9      | Reached *** piety under Nemelex Xobeh
 13522 | D:8      | HP: 3/82 [orc wizard/+2 antimagic dagger (4)]
 14088 | D:10     | Entered Level 10 of the Dungeon
 14110 | D:10     | Noticed a two-headed ogre
 14166 | D:10     | Reached skill level 5 in Short Blades
 14218 | D:10     | Killed a two-headed ogre
 14219 | D:10     | Reached skill level 9 in Fighting
 14676 | D:10     | Noticed Nergalle
 15439 | D:9      | Killed Nergalle
 15753 | D:10     | Slain by a troll

Illustrated notes

Levels and vault maps discovered:
D:1:      heliophobic_arrival_enchanted_forest, layout_rooms,
          basic_ecumenical_altar, chequers_serial_rivers_micro_b
D:2:      cheibrodos_helix_gallery, layout_basic, serial_bayou_pond_d,
          nicolae_kite_square_tiling_tiny, uniq_crazy_yiuf_cottage
D:3:      layout_loops_ring, kennysheep_okawaru_gauntlet, uniq_grinder
D:4:      old_forge, layout_basic, mainiacjoe_overflow_paths,
          minmay_ogre_servants
D:5:      layout_cave_pools, nicolae_qazlal_scattered_showers,
          mainiacjoe_overflow_divided_tiny, gup_sewer_entry_pipe,
          gammafunk_ghost_nasty_kobolds, uniq_eustachio
D:6:      layout_rooms, kennysheep_slug_shrine, nicolae_overflow_crystal_walls,
          serial_shops, nicolae_stop_n_shop_1, kennysheep_generic_room_6,
          uniq_duvessa
D:7:      layout_gridville, minmay_temple_entry_ruins,
          ebering_ghost_inner_flame, roderic_roman_lattice
D:8:      layout_rooms
D:9:      layout_basic
D:10:     layout_loops_ring, grunt_lair_entry_orc_guard_hut,
          kennysheep_orc_monster_closet_entryway, enter_bailey_6, uniq_nergalle,
          uniq_urug
Temple:   hellmonk_temple_two_chambers

Skill      XL: |  1  2  3  4  5  6  7  8  9 10 11 |
---------------+----------------------------------+-----
Fighting       | 1 2 3 4 5 7 8 9 |  9.2
Spellcasting   | 3 4 5 6 7 8 |  8.3
Shields        | 2 |  2.9
Dodging        | 3 5 6 |  6.7
Invocations    | 1 2 4 |  4.1
Short Blades   | 1 4 6 |  6.1
Stealth        | |  1.5

Action                   |  1- 3 |  4- 6 |  7- 9 | 10-12 || total
-------------------------+-------+-------+-------+-------++-------
Melee: Dagger            |     3 |       |       |       ||     3
       Short sword       |     1 |       |   125 |   255 ||   381
       Unarmed           |       |       |       |    41 ||    41
 Cast: Magic Dart        |    92 |   108 |   198 |   128 ||   526
       Call Imp          |       |    13 |    30 |    40 ||    83
       Slow              |       |     4 |    15 |     5 ||    24
       Necrotise         |       |     3 |     4 |     1 ||     8
       Momentum Strike   |       |     1 |     1 |     1 ||     3
       Mephitic Cloud    |       |       |    47 |    72 ||   119
       Dazzling Flash    |       |       |       |     1 ||     1
       Spider Form       |       |       |       |     3 ||     3
Invok: Draw Escape       |       |       |       |     2 ||     2
       Draw Destruction  |       |       |       |     1 ||     1
  Use: Scroll            |       |     4 |     9 |     9 ||    22
       Potion            |       |       |       |     1 ||     1
 Stab: Confused          |       |       |     5 |    28 ||    33
       Sleeping          |       |       |     2 |       ||     2
       Distracted        |       |       |       |     2 ||     2
Armor: Robe              |     1 |     7 |    11 |    15 ||    34
Dodge: Dodged            |     9 |    30 |   108 |   171 ||   318
Block: Buckler           |       |       |    16 |    33 ||    49

Table legend: (Time is in decaauts)
 A = Elapsed time spent in this place.
 B = Non-inter-level travel time spent in this place.
 C = Inter-level travel time spent in this place.
 D = Time resting spent in this place.
 E = Time spent auto-exploring this place.
 F = Levels seen in this place.
 G = Mean time per level.
                   A        B        C        D        E       F      G
               +--------+--------+--------+--------+--------+-----+--------+
         Total |  15725 |  14678 |   1047 |   5740 |   5876 |  11 | 1429.5 |
       Dungeon |  15704 |  14663 |   1041 |   5740 |   5866 |  10 | 1570.4 |
        Temple |     21 |     15 |      6 |      0 |     10 |   1 |   21.0 |
               +--------+--------+--------+--------+--------+-----+--------+

Top non-repeatable levels by time:
     D:8: 2511 daAuts
     D:9: 2385 daAuts
     D:4: 2103 daAuts
     D:7: 1622 daAuts
     D:6: 1435 daAuts
     D:5: 1406 daAuts
     D:2: 1370 daAuts
     D:3: 1363 daAuts
     D:1: 1136 daAuts
    D:10: 368 daAuts
  Temple: 21 daAuts
